 Dungeon Crawl Stone Soup version 0.21.1-1-g345015fe64 (webtiles) character file.

723569 Kejsarherre the Warrior (level 27, -9/369 HPs)
             Began as a Demonspawn Gladiator on May 10, 2018.
             Was the Champion of Makhleb.
             Mangled by Antaeus
             ... wielding the +5 demon whip "Spellbinder" {antimagic, MR+}
              (15 damage)
             ... on level 7 of Cocytus on May 11, 2018.
             The game lasted 04:24:59 (79314 turns).

Kejsarherre the Warrior (Demonspawn Gladiator)     Turns: 79314, Time: 04:24:59

Health: -9/369     AC: 33    Str: 31    XL:     27
Magic:  0/39       EV: 30    Int: 18    God:    Makhleb [******]
Gold:   3264       SH: 28    Dex: 20    Spells: 19/51 levels left

rFire    + . .     SeeInvis .   a - +9 demon whip (freeze)
rCold    + + +     Gourm    .   s - +5 shield {reflect}
rNeg     + + +     Faith    .   (armour currently unavailable)
rPois    ∞         Spirit   +   A - +0 helmet of the Endless Expanse {rC+ rN+ MR+}
rElec    +         Reflect  +   V - +2 cloak {rC+}
rCorr    .         Harm     .   (gloves currently unavailable)
MR       +++..                  (boots unavailable)
Stlth    +++.......             I - amulet of Wiygemoz {Reflect Int+3 SH+6}
HPRegen  1.71/turn              E - ring of the Good {rElec rF+ rC+ Str+4}
MPRegen  0.52/turn              d - ring of positive energy

@: mighty, agile, about to teleport, statue-form, flying, very slightly
contaminated, regenerating, hasted, studying 2 skills
A: talons 3, slimy green scales 3, clumsy 1, sense surroundings 1, powered by
pain 3, robust 3, strong 1, magic shield, magic regeneration, magic link
}: 5/15 runes: decaying, serpentine, slimy, silver, abyssal
a: End Transformation, Minor Destruction, Lesser Servant of Makhleb, Major
Destruction, Greater Servant of Makhleb, Renounce Religion


You were on level 7 of Cocytus.
You worshipped Makhleb.
Makhleb was exalted by your worship.
You were full.
You were a stone statue.
You visited 13 branches of the dungeon, and saw 61 of its levels.
You visited the Abyss 1 time.
You also visited: Labyrinth, Trove and Ice Cave.

You collected 9843 gold pieces.
You spent 6579 gold pieces at shops.

Inventory:

Hand Weapons
 a - a +9 demon whip of freezing (weapon)
Armour
 c - the +4 chain mail "Leuzouf" {-Tele rC++ Regen+ rCorr}
   (Okawaru gifted it to you on level 3 of the Lair of Beasts)

   It greatly protects you from cold.
   It prevents most forms of teleportation.
   It increases your rate of regeneration.
   It protects you from acid and corrosion.
 g - the +6 scale mail of the Eight Boll Weevils (melded) {rF+ rN+ Dex+4 Stlth+}
   (You bought it in a shop on level 2 of the Orcish Mines)

   It affects your dexterity (+4).
   It protects you from fire.
   It protects you from negative energy.
   It makes you more stealthy.
 s - a +5 shield of reflection (worn)
 A - the +0 helmet of the Endless Expanse (worn) {rC+ rN+ MR+}
   (You bought it in a shop on level 4 of the Snake Pit)

   It protects you from cold.
   It protects you from negative energy.
   It affects your resistance to hostile enchantments.
 J - the +2 pair of gloves of Resonance (melded) {Int+7 Stlth+}
   (Okawaru gifted it to you on level 5 of the Vaults)

   It affects your intelligence (+7).
   It makes you more stealthy.
 V - a +2 cloak of cold resistance (worn)
Jewellery
 d - a ring of positive energy (right hand)
 q - an uncursed ring of protection from magic
 t - an uncursed ring of protection from fire
 u - an uncursed ring of wizardry
 E - the ring of the Good (left hand) {rElec rF+ rC+ Str+4}
   (You found it on level 2 of the Depths)

   [ring of protection from fire]

   It affects your strength (+4).
   It protects you from fire.
   It protects you from cold.
   It insulates you from electricity.
 H - an uncursed amulet of faith
 I - the amulet of Wiygemoz (around neck) {Reflect Int+3 SH+6}
   (You took it off a guardian mummy on level 3 of the Crypt)

   [amulet of reflection]

   It shields you and reflects attacks.
   It affects your intelligence (+3).
   It affects your SH (+6).
 Q - an uncursed ring of positive energy
Wands
 z - a wand of digging (16)
 F - a wand of clouds (9)
 L - a wand of acid (5)
 N - a wand of iceblast (41)
Scrolls
 e - 3 scrolls of amnesia
 j - 8 scrolls of teleportation
 k - 12 scrolls of magic mapping
 w - 8 scrolls of fear
 y - 5 scrolls of identify
 B - 17 scrolls of remove curse
 C - a scroll of summoning
 K - a scroll of enchant weapon
 T - a scroll of blinking
 X - 5 scrolls of fog
Potions
 i - 4 potions of brilliance
 l - 12 potions of flight
 n - 7 potions of cancellation
 o - 4 potions of might
 p - 13 potions of curing
 v - 2 potions of heal wounds
 x - a potion of berserk rage
 D - 4 potions of agility
 G - a potion of resistance
 S - 2 potions of haste
 Y - 7 potions of invisibility
 Z - 6 potions of magic
Books
 b - a manual of Maces & Flails
 O - a manual of Conjurations
 P - a Grand Grimoire

   Spells                             Type                      Level
   a - Monstrous Menagerie            Summoning                    7
   b - Summon Greater Demon           Summoning                    7
   c - Malign Gateway                 Summoning/Translocation      7
   d - Summon Horrible Things         Summoning                    8
Miscellaneous
 h - a lamp of fire (inert)
 r - a lightning rod (4/4)
 M - a crystal ball of energy
 W - a fan of gales
Comestibles
 f - 58 rations


   Skills:
 - Level 18.4 Fighting
 - Level 15.6 Maces & Flails
 - Level 1.7 Throwing
 - Level 16.7 Armour
 - Level 15.0 Dodging
 - Level 18.1 Shields
 - Level 6.1 Unarmed Combat
 - Level 12.6 Spellcasting
 - Level 12.5 Charms
 - Level 11.3 Summonings
 - Level 7.3 Necromancy
 + Level 13.5 Translocations
 - Level 12.0 Transmutations
 - Level 5.4 Air Magic
 - Level 14.0 Earth Magic
 - Level 16.7 Invocations
 - Level 8.0 Evocations


You had 19 spell levels left.
You knew the following spells:

 Your Spells              Type           Power        Failure   Level  Hunger
a - Blink                 Tloc           N/A          1%          2    None
b - Aura of Abjuration    Summ           ######....   1%          5    ####...
c - Regeneration          Chrm/Necr      #####.....   1%          3    None
d - Song of Slaying       Chrm           ######..     1%          2    None
e - Controlled Blink      Tloc           N/A          83%         8    #######
f - Statue Form           Tmut/Erth      ######...    4%          6    ######.
g - Deflect Missiles      Chrm/Air       #####.....   22%         6    ######.


Dungeon Overview and Level Annotations

Branches:
Dungeon (15/15)            Temple (1/1) D:7            Lair (6/6) D:10
  Swamp (4/4) Lair:2        Snake (4/4) Lair:2        Slime (5/5) Lair:6
    Orc (2/2) D:10            Elf (3/3) Orc:2        Vaults (5/5) D:13
  Crypt (3/3) Vaults:3       Tomb (0/3) Crypt:3      Depths (5/5) D:15
   Hell (1/1)                 Dis (0/7) Hell            Geh (0/7) Hell
    Coc (7/7) Hell            Tar (0/7) Hell            Zot (0/5) Depths:5

Altars:
Ashenzari
Cheibriados
Dithmenos
Elyvilon
Fedhas
Gozag
Hepliaklqana
Kikubaaqudgha
Makhleb
Nemelex Xobeh
Okawaru
Qazlal
Ru
Sif Muna
Trog
Uskayaw
Vehumet
Wu Jian
Xom
Yredelemnul
Zin
The Shining One
Beogh
Jiyva

Shops:
D:14 (   Orc:1 :   Orc:2 (:!=[}**   Elf:2 :   Snake:3 }=}   Snake:4 :?*
Vaults:1 }   Vaults:2 *   Vaults:3 ?   Vaults:5 *

Portals:
Hell: Depths:1 Depths:2 Depths:3 Depths:4 Depths:5
Abyss: Depths:2 Depths:3 Depths:4
Pandemonium: Depths:3 Depths:5
Ziggurat: Depths:4

Annotations:
Depths:2 3 runed doors
Coc:7 Antaeus


Innate Abilities, Weirdness & Mutations

You have claws for feet.
(You are completely covered in slimy green scales. (AC +4, rPois))
You are powered by pain.
You are extremely robust. (+30% HP)
When hurt, damage is shared between your health and your magic reserves.
You regenerate magic rapidly.
When low on magic, you restore magic in place of health.
You are clumsy. (Dex -2)
You passively map a small area around you.
Your muscles are strong. (Str +2)


Message History

You punish the reaper, causing immense pain!!!
You kill the reaper!
Makhleb accepts your kill.
You thrash the freezing wraith!! You claw the freezing wraith!
The freezing wraith is almost destroyed.
Your surroundings seem slightly different.
The crimson imp blinks!
As you read the scroll of teleportation, it crumbles to dust.
You feel strangely unstable. The ice encasing you melts away.
You block Antaeus's attack. x2; The crimson imp completely misses you.
You feel better.
Antaeus hits you with the +5 demon whip "Spellbinder" {antimagic, MR+}!!!
* * * LOW HITPOINT WARNING * * *
Antaeus freezes you! You resist.
* * * LOW HITPOINT WARNING * * *
You feel your power leaking away. Something reaches out for you...
Antaeus hits you with the +5 demon whip "Spellbinder" {antimagic, MR+}!
You die...

,≈≈≈≈,*,≈≈≈≈≈≈≈≈',,,+,,**,,',,.'≈
,≈≈≈,,*,.≈≈≈≈≈≈≈#****,,**,,****#≈
,≈≈≈,**,..≈≈≈≈≈≈#,,,*+****'*,,,#≈
,≈≈≈,**,...≈≈≈≈≈#,,,+,####,',,,#≈
,≈≈≈,**,...≈≈≈≈≈##,,*##≈≈##*,,##≈
,≈≈≈,,**....≈≈≈≈≈#####≈≈≈≈#####≈≈
,,≈≈,,,*#.....≈≈≈)2≈≈≈)≈≈≈≈≈≈≈≈≈≈
,,≈≈,,,,##....^.≈C≈≈≈≈)≈≈≈≈≈≈≈≈≈.
,,,≈≈,,,,##.....8..4.W≈≈≈≈≈......
*,,,≈≈,,,,##...⌠35....)..)......⌠
**,,,≈≈,,,,##....................
,**,,,≈≈,,,,#####################
,,**,..≈≈....####################
,,,**...≈≈.......................
,,,,*#...≈≈......................
*,,,,*#...≈≈≈≈≈≈≈≈≈≈≈≈≈≈≈≈≈≈≈≈≈≈≈
**,,,,*#...≈≈≈≈≈≈≈≈≈≈≈≈≈≈≈≈≈≈≈≈≈≈


You could see Antaeus, a soul eater, an ice devil, a freezing wraith, a crimson
imp and a friendly blizzard demon.

Vanquished Creatures
  the Royal Jelly (Slime:5)
  An ancient lich (Vaults:5)
  A juggernaut (Depths:5)
  Mara (Depths:1)
  A greater mummy (Crypt:3)
  the Lernaean hydra (Swamp:4)
  Sojobo (Depths:2)
  10 shard shrikes
  Bai Suzhen (Crypt:3)
  Margery (Depths:3)
  Xtahua (Depths:4)
  Frederick (Vaults:4)
  Saint Roka (Elf:3)
  Geryon (Hell)
  10 golden dragons
  A caustic shrike (Depths:2)
  Nikola (Depths:3)
  the Enchantress (Depths:5)
  Jory (Depths:5)
  6 bone dragons
  The ghost of Oravi the Black Belt, an adept MfTm of Okawaru (Vaults:2)
  9 liches
  Rupert (Lair:5)
  10 tentacled monstrosities
  A hellephant (Abyss:3)
  The ghost of tensugalgo the Acrobat, an adept DrSk of Hepliaklqana (Vaults:4)
  4 quicksilver dragons
  11 Ice Fiends
  Asterion (Elf:3)
  11 titans
  7 deep elf blademasters
  7 deep elf master archers
  The ghost of Dracia the Warrior, an adept GrFi of Okawaru (Elf:3)
  6 sphinxes
  2 krakens
  Murray (Depths:1)
  4 ancient champions
  16 acid blobs
  3 tentacled starspawn
  6 shadow dragons
  4 storm dragons
  9 tengu reavers
  Kirke (D:13)
  A thorn hunter (Swamp:3)
  19 fire giants
  8 azure jellies
  7 nagarajas (Snake:4)
  2 revenants
  A balrug (Depths:3)
  Aizul (Lair:2)
  19 frost giants
  3 deep elf sorcerers (Elf:3)
  16 vault wardens
  5 ghouls
  A draconian knight (Depths:5)
  Louise (Depths:2)
  5 iron dragons
  A draconian shifter (Depths:5)
  A curse skull (Crypt:1)
  19 ironheart preservers
  12 reapers
  3 deep elf elementalists (Elf:3)
  5 war gargoyles
  30 very ugly things
  5 spriggan defenders
  6 elemental wellsprings
  A caustic shrike skeleton (Depths:2)
  4 entropy weavers
  A stone giant (shapeshifter) (Vaults:5)
  42 stone giants
  5 vampire knights
  A green draconian (Crypt:3)
  5 deep elf demonologists
  7 deep elf annihilators
  A purple draconian (Crypt:3)
  3 red draconians (Depths:5)
  18 starcursed masses
  3 white draconians
  2 black draconians
  Azrael (D:12)
  A yellow draconian (Depths:5)
  2 spark wasps (Depths:5)
  14 blizzard demons
  18 ettins
  The ghost of Ivernyr the Ogre Mage, a journeyman OgWz of Sif Muna (D:11)
  The ghost of flt the Fighter, a journeyman TrMo of Wu Jian (Lair:1)
  3 death oozes
  4 eidola
  A merfolk javelineer (Depths:2)
  A green death (Abyss:4)
  8 jiangshi
  20 yaktaur captains
  7 fire dragons
  An ettin (shapeshifter) (Vaults:5)
  A minotaur (Lab)
  8 deep elf death magi
  A merfolk impaler (Depths:2)
  6 mummy priests (Crypt:3)
  2 quicksilver dragon zombies
  A kraken zombie (Coc:4)
  36 vault guards
  9 rakshasas
  9 deep elf high priests
  10 naga warriors
  14 great orbs of eyes
  17 hydras
  24 ice dragons
  A ghost crab (Abyss:4)
  Fannar (Lair:1)
  An ice dragon (shapeshifter) (Depths:4)
  20 small abominations
  6 spriggan air magi
  12 centaur warriors
  Erica (D:8)
  2 quicksilver dragon skeletons
  3 anacondas
  A catoblepas (D:13)
  37 two-headed ogres
  2 death knights
  13 ogre magi
  24 dancing weapons
  8 vampire magi
  4 alligators
  9 deep troll shamans
  15 spriggan berserkers
  3 death yaks
  A titan zombie (Hell)
  14 tengu warriors
  19 deep troll earth magi
  9 hell hogs
  10 naga sharpshooters
  14 hell knights
  4 sun demons
  4 thrashing horrors
  5 shock serpents
  20 deep elf knights
  4 iron trolls
  2 storm dragon zombies
  8 wretched stars
  59 skeletal warriors
  A fire crab (Abyss:4)
  13 soul eaters
  3 storm dragon skeletons
  3 salamander mystics
  2 sixfirhies
  3 unseen horrors
  2 anaconda zombies
  34 deep trolls
  5 shadow wraiths
  5 glowing orange brains
  A shadow demon (Abyss:3)
  9 naga ritualists
  3 spatial maelstroms
  3 spriggan druids
  5 sea snakes (Snake:3)
  15 ironbrand convokers
  8 flayed ghosts
  A swamp dragon (shapeshifter) (Depths:3)
  16 deep elf archers
  A glowing orange brain (shapeshifter) (Vaults:1)
  The ghost of Mrkan the Basher, a novice MiFi of Okawaru (D:6)
  13 swamp dragons
  2 shambling mangroves
  3 golden dragon skeletons
  10 phantasmal warriors
  6 wizards
  18 harpies
  9 necromancers
  4 shining eyes
  35 ugly things
  3 frost giant zombies
  2 shadow dragon zombies
  9 wolf spiders
  8 cyclopes
  2 anaconda skeletons (Hell)
  4 manticores
  5 mana vipers
  5 orc sorcerers
  2 shadow dragon skeletons
  A harpy (shapeshifter) (Depths:2)
  The ghost of Mrkan the Fighter, a novice GrFi (D:7)
  24 orc knights
  68 deep elf magi
  8 salamanders
  3 worldbinders
  A salamander (shapeshifter) (Vaults:1)
  18 vault sentinels
  An iron dragon skeleton (Coc:1)
  3 apocalypse crabs
  5 elephants (Lair:5)
  2 stone giant zombies (Coc:7)
  Maurice (D:9)
  3 dire elephant zombies
  2 guardian serpents
  2 orange demons
  A guardian serpent (shapeshifter) (D:14)
  13 rust devils
  4 centaur zombies
  2 frost giant skeletons (Coc:7)
  33 naga magi
  A stone giant skeleton (Coc:5)
  A torpor snail (Lair:4)
  18 black mambas
  2 eyes of devastation
  A centaur skeleton (D:15)
  3 ice statues
  10 smoke demons
  A shock serpent skeleton (Coc:7)
  An emperor scorpion zombie (Coc:7)
  A storm dragon simulacrum (Vaults:3)
  16 spiny frogs
  Psyche (D:10)
  3 gargoyles
  3 rime drakes
  2 efreet
  12 komodo dragons
  3 yaktaurs (shapeshifter)
  A swamp worm zombie (Crypt:1)
  65 yaktaurs
  10 tormentors
  23 freezing wraiths
  A komodo dragon (shapeshifter) (Vaults:1)
  A black draconian skeleton (Crypt:1)
  27 ice devils
  12 hydra zombies
  An alligator snapping turtle skeleton (Crypt:3)
  4 anaconda simulacra (Coc:7)
  34 guardian mummies (Crypt:3)
  6 ancient zymes
  5 red devils
  2 polar bears (shapeshifter)
  3 trolls (shapeshifter)
  6 tengu conjurers
  2 jumping spiders
  21 polar bears
  15 trolls
  Prince Ribbit (D:6)
  A harpy skeleton (Crypt:2)
  A merfolk (shapeshifter) (Depths:2)
  A catoblepas skeleton (Coc:7)
  A moth of wrath zombie (Crypt:1)
  A death drake skeleton (Crypt:3)
  5 tyrant leeches
  27 hornets
  2 hydra skeletons
  15 raiju
  3 ice dragon zombies
  79 slime creatures
  5 hippogriffs
  9 bog bodies
  A jumping spider zombie (Crypt:1)
  A blink frog (shapeshifter) (Vaults:3)
  16 blink frogs
  2 dream sheep (Lair:6)
  2 ettin zombies (Depths:2)
  4 alligator zombies
  3 fire dragon zombies
  A black mamba zombie (Coc:1)
  A centaur simulacrum (D:14)
  9 shadows
  48 flying skulls
  21 large abominations
  5 redbacks
  2 ynoxinuls
  29 spriggans
  12 wraiths
  2 alligator skeletons (Hell)
  49 yaks
  2 elf zombies
  3 air elementals
  8 ice dragon skeletons
  A vampire (D:13)
  4 wyverns
  A human (shapeshifter) (D:14)
  16 water elementals
  2 chaos spawn (Abyss:1)
  A yak (shapeshifter) (D:13)
  6 ushabtiu (Crypt:3)
  A human (D:7)
  10 fire elementals
  3 hogs (D:7)
  5 basilisks
  11 golden eyes
  A golden eye (shapeshifter) (Vaults:5)
  8 vampire mosquitoes
  A black mamba skeleton (Coc:7)
  3 neqoxecs
  A hog (shapeshifter) (Depths:5)
  6 hungry ghosts
  Menkaure (D:6)
  17 swamp worms
  13 wargs
  A soldier ant (shapeshifter) (Vaults:4)
  3 acid dragons
  A soldier ant (D:11)
  A spatial vortex (Abyss:4)
  Edmund (D:5)
  3 hydra simulacra
  45 nagas
  9 insubstantial wisps
  7 spiny frog zombies
  2 floating eyes (Depths:2)
  7 porcupines
  12 water moccasins
  A torturous demonspawn skeleton (Crypt:2)
  13 hell hounds
  64 orc warriors
  10 swamp drakes
  3 alligator simulacra
  A meliai simulacrum (D:14)
  5 black bears
  2 ettin simulacra
  An eye of draining (shapeshifter) (Vaults:3)
  5 ice beasts
  A phantom (D:9)
  6 sky beasts
  2 eyes of draining
  A snapping turtle zombie (Coc:7)
  2 spiny frog skeletons
  A tengu (shapeshifter) (Abyss:1)
  56 wolves
  9 boggarts
  38 ogres
  A wolf (shapeshifter) (Vaults:5)
  2 swamp dragon skeletons (Coc:7)
  A blink frog skeleton (Crypt:3)
  2 necrophages
  31 centaurs
  A hog skeleton (Crypt:1)
  10 crocodiles
  A snapping turtle skeleton (Hell)
  A rime drake zombie (Crypt:3)
  2 big kobolds
  19 bullfrogs
  A cyclops zombie (Crypt:2)
  2 wyvern zombies (D:13)
  An earth elemental (Elf:1)
  A cyclops skeleton (Crypt:2)
  3 scorpions
  A water moccasin skeleton (D:7)
  A wyvern skeleton (D:14)
  A yak skeleton (Crypt:3)
  5 killer bees
  25 wights
  5 howler monkeys
  4 electric eels
  A wolf zombie (Crypt:3)
  3 quasits
  3 bullfrog zombies
  8 crimson imps
  A human simulacrum (Vaults:2)
  7 hounds
  5 jellies
  8 orc priests
  3 bullfrog skeletons
  A demonspawn zombie (Crypt:1)
  4 iron imps
  A demonspawn skeleton (Crypt:3)
  Jessica (D:2)
  A human skeleton (Coc:2)
  5 iguanas
  24 orc wizards
  5 hell rats
  12 worker ants
  A killer bee zombie (D:7)
  An ogre zombie (Crypt:1)
  A deep dwarf skeleton (Crypt:2)
  A hound skeleton (D:5)
  27 mummies
  A howler monkey zombie (Crypt:3)
  A worker ant zombie (D:8)
  3 gnolls
  16 adders
  A steam dragon skeleton (Crypt:3)
  6 shadow imps
  17 white imps
  An ooze (D:3)
  2 ufetubi
  An adder zombie (D:6)
  An adder skeleton (Crypt:1)
  3 worms
  2 dart slugs
  3 leopard geckos
  144 orcs
  A bat (D:2)
  3 giant cockroaches
  2 goblins
  2 hobgoblins
  9 jackals
  4 quokkas
  2 ball pythons
  A frilled lizard (D:2)
  A goblin skeleton (Crypt:3)
  12 kobolds
  A kobold skeleton (Coc:7)
  A leopard gecko zombie (D:7)
  An orc zombie (Crypt:2)
  A quokka skeleton (D:5)
  3 briar patches (Swamp:3)
  3 crawling corpses
  4 starspawn tentacles
  9 tentacles
3073 creatures vanquished.

Vanquished Creatures (collateral kills)
  A reaper (Coc:7)
  A quicksilver dragon zombie (Coc:7)
2 creatures vanquished.

Vanquished Creatures (others)
  3 deep elf master archers
  A fire giant (Depths:2)
  An elemental wellspring (Coc:4)
  3 yaktaur captains
  A fire dragon (Depths:5)
  A spriggan air mage (Depths:5)
  A two-headed ogre (Depths:3)
  A centaur warrior (Vaults:1)
  A hell hog (Abyss:3)
  A dancing weapon (Elf:2)
  A spatial maelstrom (Abyss:4)
  A shambling mangrove (Abyss:4)
  2 quicksilver dragon simulacra (Depths:3)
  A necromancer (Vaults:2)
  A deep elf mage (Vaults:3)
  A cyclops (Vaults:2)
  4 yaktaurs (Vaults:3)
  An ice devil (Coc:7)
  A hydra skeleton (Coc:7)
  3 wraiths
  3 humans (D:14)
  A golden eye (Slime:3)
  A spatial vortex (Abyss:4)
  A small abomination (Abyss:4)
  A sky beast (D:13)
  3 ettin simulacra (Depths:3)
  3 boggarts
  2 crimson imps (Hell)
  An orc priest (Vaults:3)
  2 orc wizards
  A worker ant (D:14)
  An orc (Elf:3)
  6 fungi
  4 lurking horrors
  27 plants
  5 starspawn tentacles
  29 tentacles
121 creatures vanquished.

Grand Total: 3196 creatures vanquished

Notes
Turn   | Place    | Note
-------+----------+-------------------------------------------
     0 | D:1      | Kejsarherre the Demonspawn Gladiator began the quest for the Orb.
     0 | D:1      | Reached XP level 1. HP: 16/16 MP: 1/1
   166 | D:2      | Gained mutation: You are partially covered in slimy green scales. (AC +2) [demonic ancestry]
   166 | D:2      | Reached XP level 2. HP: 11/22 MP: 2/2
   361 | D:2      | Noticed Jessica
   784 | D:2      | Killed Jessica
   784 | D:2      | Reached XP level 3. HP: 25/27 MP: 3/3
   793 | D:2      | Found a deep blue altar of Sif Muna.
  1271 | D:3      | Reached XP level 4. HP: 33/33 MP: 4/4
  1995 | D:4      | Reached skill level 5 in Maces & Flails
  1996 | D:4      | Gained mutation: You are mostly covered in slimy green scales. (AC +3) [demonic ancestry]
  1996 | D:4      | Reached XP level 5. HP: 14/38 MP: 5/5
  2963 | D:4      | Reached XP level 6. HP: 35/44 MP: 6/6
  3110 | D:5      | Entered Level 5 of the Dungeon
  3397 | D:5      | Found a shadowy altar of Dithmenos.
  3598 | D:5      | Noticed Edmund
  3610 | D:5      | Killed Edmund
  3610 | D:5      | Reached skill level 1 in Shields
  3610 | D:5      | Gained mutation: You are completely covered in slimy green scales. (AC +4, rPois) [demonic ancestry]
  3610 | D:5      | Reached XP level 7. HP: 50/50 MP: 7/7
  3950 | D:5      | Found a basalt altar of Yredelemnul.
  3950 | D:5      | Found a burning altar of Makhleb.
  3951 | D:5      | Found a hazy altar of Hepliaklqana.
  4061 | D:6      | Noticed Mrkan's ghost (novice MiFi)
  4148 | D:6      | Found a shattered altar of Ashenzari.
  4357 | D:6      | Noticed Menkaure
  4367 | D:6      | Killed Menkaure
  4821 | D:6      | Gained mutation: When hurt, damage is shared between your health and your magic reserves. [demonic ancestry]
  4821 | D:6      | Reached XP level 8. HP: 44/56 MP: 8/8
  4989 | D:6      | Noticed Prince Ribbit
  5003 | D:6      | Killed Prince Ribbit
  5666 | D:6      | Killed Mrkan's ghost
  5695 | D:7      | Noticed Mrkan's ghost (novice GrFi)
  5839 | D:6      | Reached skill level 10 in Maces & Flails
  5839 | D:6      | Reached XP level 9. HP: 42/61 MP: 7/9
  6196 | D:7      | Found a staircase to the Ecumenical Temple.
  6224 | Temple   | Entered the Ecumenical Temple
  6252 | Temple   | Became a worshipper of Warmaster Okawaru
  6346 | D:7      | Killed Mrkan's ghost
  6581 | D:7      | Reached * piety under Okawaru
  6593 | D:7      | Reached skill level 1 in Armour
  6709 | D:8      | Noticed a two-headed ogre
  6718 | D:8      | Killed a two-headed ogre
  6718 | D:8      | Reached ** piety under Okawaru
  6718 | D:8      | Reached skill level 1 in Evocations
  6718 | D:8      | Reached XP level 10. HP: 68/73 MP: 10/10
  6809 | D:8      | Reached skill level 5 in Fighting
  7113 | D:8      | Noticed Erica
  7123 | D:8      | Killed Erica
  7123 | D:8      | Reached *** piety under Okawaru
  7380 | D:9      | Reached **** piety under Okawaru
  7396 | D:9      | Noticed Maurice
  7409 | D:9      | Killed Maurice
  7846 | D:9      | Reached skill level 5 in Dodging
  8104 | D:10     | Entered Level 10 of the Dungeon
  8125 | D:10     | Noticed a two-headed ogre
  8145 | D:10     | Killed a two-headed ogre
  8165 | D:10     | Gained mutation: You have sharp toenails. [demonic ancestry]
  8165 | D:10     | Reached XP level 11. HP: 75/84 MP: 13/13
  8206 | D:10     | Reached ***** piety under Okawaru
  8310 | D:10     | Found a staircase to the Lair.
  8374 | D:10     | Noticed Psyche
  8378 | D:10     | Killed Psyche
  8494 | D:10     | Found a staircase to the Orcish Mines.
  8721 | D:10     | Reached skill level 5 in Armour
  8930 | Orc:1    | Entered Level 1 of the Orcish Mines
  9432 | D:11     | Received a gift from Okawaru
  9560 | D:11     | Noticed an unseen horror
  9562 | D:11     | Noticed Ivernyr's ghost (journeyman OgWz)
  9564 | D:11     | Killed an unseen horror
  9908 | D:11     | Killed Ivernyr's ghost
  9935 | D:11     | Reached skill level 1 in Invocations
 10271 | D:12     | Noticed Azrael
 10570 | D:12     | Reached skill level 5 in Invocations
 10602 | D:12     | Found a shadowy altar of Dithmenos.
 10747 | D:12     | Noticed a green ugly thing
 10767 | D:12     | Killed a green ugly thing
 10921 | Lair:1   | Entered Level 1 of the Lair of Beasts
 10933 | Lair:1   | Reached XP level 12. HP: 79/96 MP: 13/17
 10935 | Lair:1   | Noticed Fannar
 11057 | Lair:1   | Killed Fannar
 11069 | Lair:1   | Noticed a six-headed hydra
 11079 | Lair:1   | Killed a six-headed hydra
 11084 | Lair:1   | Noticed a five-headed hydra
 11106 | Lair:1   | Killed a five-headed hydra
 11106 | Lair:1   | Reached skill level 10 in Invocations
 11590 | Lair:1   | Reached ****** piety under Okawaru
 11606 | Lair:1   | Reached skill level 10 in Fighting
 11787 | Lair:1   | Identified the Guide on Curses
 11848 | Lair:1   | Noticed flt's ghost (journeyman TrMo)
 11879 | Lair:1   | Killed flt's ghost
 12035 | Lair:2   | Received a gift from Okawaru
 12740 | Lair:2   | Found a staircase to the Snake Pit.
 12974 | Lair:2   | Found a staircase to the Swamp.
 12999 | Swamp:1  | Entered Level 1 of the Swamp
 13910 | Lair:3   | Got a transparent flail
 14058 | Lair:3   | Found a sacrificial altar of Ru.
 14092 | Lair:3   | Received a gift from Okawaru
 14093 | Lair:3   | Gained mutation: You have razor-sharp toenails. [demonic ancestry]
 14093 | Lair:3   | Reached XP level 13. HP: 106/106 MP: 20/20
 14107 | Lair:3   | Got a tiger eye-encrusted chain mail {god gift}
 14118 | Lair:3   | Identified the +4 chain mail "Leuzouf" {-Tele rC++ Regen+ rCorr} (Okawaru gifted it to you on level 3 of the Lair of Beasts)
 14494 | Lair:4   | Identified the cursed +2 flail "Ofeunt" {crush, rC+} (You found it on level 3 of the Lair of Beasts)
 15444 | Lair:5   | Noticed Rupert
 15446 | Lair:5   | Paralysed by Rupert for 6 turns
 15476 | Lair:5   | Killed Rupert
 15476 | Lair:5   | Reached skill level 10 in Armour
 15481 | Lair:5   | Received a gift from Okawaru
 15977 | Lair:6   | Entered Level 6 of the Lair of Beasts
 16565 | Lair:6   | Received a gift from Okawaru
 16574 | Lair:6   | Gained mutation: You have claws for feet. [demonic ancestry]
 16574 | Lair:6   | Reached XP level 14. HP: 113/113 MP: 21/21
 16605 | Lair:6   | Identified a scroll of acquirement
 16883 | Lair:6   | Found a staircase to the Slime Pits.
 17816 | Orc:2    | Entered Level 2 of the Orcish Mines
 17868 | Orc:2    | Found Zimolut's Gadget Shoppe.
 17971 | Orc:2    | Received a gift from Okawaru
 17971 | Orc:2    | Reached skill level 1 in Unarmed Combat
 17976 | Orc:2    | Got a warped fustibalus {god gift}
 17977 | Orc:2    | Identified the +5 fustibalus of Floods {freeze, MR- Str+3 Int+5} (Okawaru gifted it to you on level 2 of the Orcish Mines)
 18495 | Orc:2    | Found Dosol's General Store.
 18495 | Orc:2    | Found Soph's General Store.
 18500 | Orc:2    | Bought a scroll of noise for 15 gold pieces
 18510 | Orc:2    | Bought a scroll of fog for 32 gold pieces
 18510 | Orc:2    | Bought an uncursed ring of stealth for 280 gold pieces
 18521 | Orc:2    | Found a roughly hewn altar of Beogh.
 18616 | Orc:2    | Received a gift from Okawaru
 18618 | Orc:2    | Found Onum's Armour Shop.
 18618 | Orc:2    | Found Yhiesah's Jewellery Emporium.
 18641 | Orc:2    | Bought a cursed ring of loudness for 67 gold pieces
 18641 | Orc:2    | Bought a cursed amulet of inaccuracy for 30 gold pieces
 18643 | Orc:2    | Bought an uncursed amulet of harm for 450 gold pieces
 18644 | Orc:2    | Bought an uncursed ring of protection from magic for 375 gold pieces
 18688 | Orc:2    | Found Kacadeze's Distillery.
 18696 | Orc:2    | Bought a potion of invisibility for 104 gold pieces
 18704 | Orc:2    | Found Avestiem's Antique Weapon Emporium.
 18721 | Orc:2    | Found Kampiuxt's Book Boutique.
 18742 | Orc:2    | Found a staircase to the Elven Halls.
 19103 | Orc:1    | Reached skill level 5 in Evocations
 19340 | Orc:1    | Found Wentush's Book Boutique.
 19545 | Elf:1    | Entered Level 1 of the Elven Halls
 19950 | D:12     | Killed Azrael
 20191 | D:12     | Reached skill level 5 in Unarmed Combat
 20435 | D:13     | Received a gift from Okawaru
 20441 | D:13     | Got a tattered robe {god gift}
 20452 | D:13     | Identified the +1 robe of Rodaow {*Drain rF+++ MR- Slay+3} (Okawaru gifted it to you on level 13 of the Dungeon)
 20515 | D:13     | Reached XP level 15. HP: 109/118 MP: 20/22
 20542 | D:13     | Found a gate to the Vaults.
 20765 | D:13     | Found a glowing silver altar of Zin.
 21143 | D:13     | Reached skill level 10 in Dodging
 21311 | D:14     | Received a gift from Okawaru
 21324 | D:14     | Noticed Kirke
 21432 | D:13     | Killed Kirke
 21654 | D:14     | Found a labyrinth entrance.
 21660 | Lab      | Entered a labyrinth
 22307 | D:14     | Found Rumeawosh's Weapon Emporium.
 22485 | D:14     | Got a flickering copper ring
 22486 | D:14     | Identified the ring "Xiwk" {rF+ MP-9 Int+4 Stlth+} (You found it on level 14 of the Dungeon)
 22694 | D:15     | Entered Level 15 of the Dungeon
 22862 | D:15     | Received a gift from Okawaru
 22944 | D:15     | Found a frozen archway.
 23094 | IceCv    | Entered an ice cave
 23102 | IceCv    | Received a gift from Okawaru
 23481 | IceCv    | Noticed a frost giant
 23500 | IceCv    | Killed a frost giant
 23504 | IceCv    | Received a gift from Okawaru
 24086 | D:15     | Found a staircase to the Depths.
 24097 | D:15     | Reached XP level 16. HP: 101/129 MP: 17/23
 24116 | D:15     | Gained mutation: You are somewhat resistant to further mutation. [potion of mutation]
 24116 | D:15     | Gained mutation: You are frail. (-10% HP) [potion of mutation]
 24116 | D:15     | Gained mutation: You possess an exceptional clarity of mind. [potion of mutation]
 24117 | D:15     | Lost mutation: You are frail. (-10% HP) [potion of mutation]
 24117 | D:15     | Lost mutation: You possess an exceptional clarity of mind. [potion of mutation]
 24117 | D:15     | Gained mutation: You have a pair of small horns on your head. [potion of mutation]
 24118 | D:15     | Lost mutation: You have a pair of small horns on your head. [potion of mutation]
 24118 | D:15     | Gained mutation: Your skin changes colour to match your surroundings (Stealth+). [potion of mutation]
 24119 | D:15     | Lost mutation: You are somewhat resistant to further mutation. [potion of mutation]
 24119 | D:15     | Gained mutation: You tend to lose your temper in combat. [potion of mutation]
 24119 | D:15     | Gained mutation: Your muscles are strong. (Str +2) [potion of mutation]
 24120 | D:15     | Lost mutation: You tend to lose your temper in combat. [potion of mutation]
 24120 | D:15     | Lost mutation: Your muscles are strong. (Str +2) [potion of mutation]
 24120 | D:15     | Gained mutation: Your mind is acute. (Int +2) [potion of mutation]
 24120 | D:15     | Gained mutation: You are robust. (+10% HP) [potion of mutation]
 24120 | D:15     | Lost mutation: You are robust. (+10% HP) [potion of mutation]
 24120 | D:15     | Gained mutation: Your spells are a little harder to cast, but a little more powerful. [potion of mutation]
 24224 | D:15     | Found a basalt altar of Yredelemnul.
 24782 | Snake:1  | Entered Level 1 of the Snake Pit
 25029 | Snake:1  | Noticed Aizul
 25295 | Lair:2   | Killed Aizul
 25315 | Snake:1  | Received a gift from Okawaru
 25599 | Snake:1  | Found the +2 hat of the Bear Spirit {Spirit, +Rage rN+ MR++}
 27163 | Snake:3  | Found Zoxioq's Gadget Emporium.
 27163 | Snake:3  | Found Pusmyru's Jewellery Shop.
 27203 | Snake:3  | Found Buesk's Gadget Emporium.
 27454 | Snake:3  | Received a gift from Okawaru
 27649 | Snake:3  | Found an iron altar of Okawaru.
 28767 | Snake:4  | Entered Level 4 of the Snake Pit
 28767 | Snake:4  | Found Kymilee's Book Shoppe.
 28767 | Snake:4  | Found Millik's Magic Scroll Shop.
 29432 | Snake:4  | Gained mutation: You regenerate magic rapidly. [demonic ancestry]
 29432 | Snake:4  | Reached XP level 17. HP: 36/140 MP: 11/24
 29731 | Snake:4  | Received a gift from Okawaru
 30075 | Snake:4  | Reached skill level 15 in Fighting
 30117 | Snake:4  | Received a gift from Okawaru
 30594 | Snake:4  | Got a serpentine rune of Zot
 30689 | Snake:4  | Found Xiann's Assorted Antiques.
 30698 | Snake:4  | Bought a bloodstained helmet for 351 gold pieces
 30698 | Snake:4  | Identified the cursed +0 helmet of the Endless Expanse {rC+ rN+ MR+} (You bought it in a shop on level 4 of the Snake Pit)
 31947 | Swamp:2  | Found a bloodstained altar of Trog.
 32290 | Swamp:2  | Received a gift from Okawaru
 33727 | Swamp:4  | Entered Level 4 of the Swamp
 34152 | Swamp:4  | Reached XP level 18. HP: 126/151 MP: 25/25
 34616 | Swamp:4  | Received a gift from Okawaru
 34634 | Swamp:4  | Noticed the 27-headed Lernaean hydra
 34647 | Swamp:4  | Killed the 27-headed Lernaean hydra
 34800 | Swamp:4  | Got a decaying rune of Zot
 35256 | Depths:1 | Entered Level 1 of the Depths
 35280 | Depths:1 | Received a gift from Okawaru
 35397 | Depths:1 | Received a gift from Okawaru
 36082 | Depths:1 | Received a gift from Okawaru
 36082 | Depths:1 | Reached skill level 15 in Armour
 36172 | Depths:1 | Got a transparent silver ring
 36367 | Depths:1 | Found a gateway to Hell.
 36757 | Depths:2 | Received a gift from Okawaru
 36763 | Depths:2 | Got a shimmering dire flail {god gift}
 36764 | Depths:2 | Identified the +3 dire flail "Cukuaptu" {freeze, rPois rN+++ Str-5 Stlth-} (Okawaru gifted it to you on level 2 of the Depths)
 36766 | Depths:2 | Identified the ring of Royalty {rPois AC+3} (You took it off a tengu warrior on level 1 of the Depths)
 36772 | Depths:2 | Found a one-way gate to the infinite horrors of the Abyss.
 36772 | Depths:2 | Noticed Louise
 36801 | Depths:2 | Killed Louise
 37239 | Depths:2 | Received a gift from Okawaru
 37436 | Depths:2 | Noticed Sojobo
 37463 | Depths:2 | Killed Sojobo
 37463 | Depths:2 | Reached XP level 19. HP: 161/161 MP: 22/26
 37493 | Depths:2 | Received a gift from Okawaru
 37873 | Depths:2 | Noticed a caustic shrike
 37892 | Depths:2 | Killed a caustic shrike
 38116 | Depths:2 | Found a runed gate.
 38116 | Depths:2 | Found a runed gate.
 38116 | Depths:2 | Found a runed gate.
 38131 | Depths:2 | Found the +3 salamander hide armour {+Rage rF++}
 38131 | Depths:2 | Noticed a lich
 38133 | Depths:2 | Noticed a golden dragon
 38558 | Depths:2 | Noticed Mara
 38574 | Depths:2 | Noticed Kejsarherre's illusion
 38743 | Depths:2 | Noticed Kejsarherre's illusion
 38762 | Depths:2 | Noticed Kejsarherre's illusion
 38923 | Depths:2 | Noticed Kejsarherre's illusion
 38954 | Depths:2 | Noticed Kejsarherre's illusion
 39119 | Depths:2 | Noticed Kejsarherre's illusion
 39190 | Depths:1 | Noticed Kejsarherre's illusion
 39221 | Depths:1 | Killed Mara
 39453 | Depths:2 | Received a gift from Okawaru
 39669 | Depths:2 | Found a runed gate.
 39669 | Depths:2 | Found a runed gate.
 39669 | Depths:2 | Found a runed gate.
 39804 | Depths:2 | Killed a golden dragon
 39810 | Depths:2 | Killed a lich
 39893 | Depths:2 | Got a twitching turquoise ring
 39894 | Depths:2 | Identified the ring of the Good {rElec rF+ rC+ Str+4} (You found it on level 2 of the Depths)
 39983 | Depths:2 | Received a gift from Okawaru
 40273 | Depths:3 | Noticed Nikola
 40303 | Depths:3 | Killed Nikola
 40721 | Depths:2 | Got a pair of polished gloves
 40722 | Depths:2 | Identified the +0 pair of gloves of Day {rElec MR+ Dex-2} (You acquired it on level 2 of the Depths)
 40848 | Depths:3 | Found a blossoming altar of Fedhas.
 40873 | Depths:3 | Received a gift from Okawaru
 40887 | Depths:3 | Gained mutation: You sometimes gain a little power by taking damage. [demonic ancestry]
 40887 | Depths:3 | Reached XP level 20. HP: 95/171 MP: 17/27
 41781 | Depths:2 | Reached skill level 15 in Dodging
 41825 | Depths:3 | Found a one-way gate leading to the halls of Pandemonium.
 42424 | Depths:3 | Reached skill level 5 in Shields
 42641 | Depths:3 | Found a shadowy altar of Dithmenos.
 42662 | Depths:3 | Noticed a golden dragon
 42680 | Depths:3 | Killed a golden dragon
 42846 | Depths:3 | Found a sacrificial altar of Ru.
 42857 | Depths:3 | Received a gift from Okawaru
 42946 | Depths:3 | Got a slimy plate armour {god gift}
 42947 | Depths:3 | Identified the +10 plate armour of Inquiry {Dex+4} (Okawaru gifted it to you on level 3 of the Depths)
 43016 | Depths:3 | Got a crude morningstar {crush}
 43018 | Depths:3 | Identified the +1 morningstar of the Beast {crush, +Inv rC- Str+5} (You took it off a tengu conjurer on level 3 of the Depths)
 43082 | Depths:3 | Got a faintly glowing crystal plate armour
 43083 | Depths:3 | Identified the +1 crystal plate armour "Caosergh" {MR+ Str+3} (You acquired it on level 3 of the Depths)
 43292 | Depths:3 | Found an opulent altar of Gozag.
 43304 | Depths:3 | Noticed a golden dragon
 43319 | Depths:3 | Killed a golden dragon
 43933 | Orc:2    | Bought a scroll of brand weapon for 300 gold pieces
 44292 | Depths:4 | Noticed Margery
 44296 | Depths:4 | Reached skill level 10 in Shields
 44378 | Depths:4 | Received a gift from Okawaru
 44412 | Depths:4 | Got a faintly humming scale mail {god gift}
 44415 | Depths:4 | Identified the +1 scale mail "Qupuva" {Int+6 Dex+8 Slay-4 Stlth-} (Okawaru gifted it to you on level 4 of the Depths)
 45018 | Depths:3 | Killed Margery
 45070 | Depths:3 | Reached XP level 21. HP: 89/176 MP: 26/28
 45473 | Depths:4 | Paralysed by a great orb of eyes for 5 turns
 45659 | Depths:4 | Noticed an ancient lich
 45660 | Depths:4 | Found a gateway to a ziggurat.
 45661 | Depths:4 | Noticed an ancient lich
 45910 | Depths:4 | Noticed a golden dragon
 45931 | Depths:4 | Killed a golden dragon
 45982 | Depths:4 | Noticed a golden dragon
 46012 | Depths:4 | Killed a golden dragon
 46021 | Depths:4 | Noticed a golden dragon
 46024 | Depths:4 | Noticed a golden dragon
 46058 | Depths:4 | Killed a golden dragon
 46062 | Depths:4 | Noticed a golden dragon
 46380 | Depths:4 | Received a gift from Okawaru
 46474 | Depths:4 | Noticed a golden dragon
 46503 | Depths:4 | Killed a golden dragon
 46506 | Depths:4 | Got a scintillating diamond amulet
 46728 | Depths:5 | Entered Level 5 of the Depths
 46989 | Depths:5 | Noticed Xtahua
 47133 | Depths:4 | Paralysed by Xtahua for 6 turns
 47144 | Depths:4 | Paralysed by Xtahua for 6 turns
 47163 | Depths:4 | Paralysed by Xtahua for 4 turns
 47169 | Depths:4 | Killed Xtahua
 47538 | Depths:5 | Noticed Jory
 47542 | Depths:5 | Noticed a juggernaut
 47600 | Depths:5 | Noticed the Enchantress
 47698 | Depths:5 | Killed the Enchantress
 47698 | Depths:5 | Received a gift from Okawaru
 47774 | Depths:5 | Identified the amulet of Xoman {Gourm rF+} (You took it off a spriggan air mage on level 4 of the Depths)
 48018 | Depths:5 | Got faerie dragon scales
 48029 | Depths:5 | Identified the +5 faerie dragon scales {rPois MR- rCorr Str+3 SInv} (You took it off the Enchantress on level 5 of the Depths)
 48129 | Depths:5 | Found a glowing golden altar of the Shining One.
 48167 | Depths:5 | Reached skill level 15 in Shields
 48562 | Depths:5 | Killed Jory
 48572 | Depths:5 | Killed a juggernaut
 48609 | Depths:5 | Gained mutation: When low on magic, you restore magic in place of health. [demonic ancestry]
 48609 | Depths:5 | Reached XP level 22. HP: 123/183 MP: 27/29
 48775 | Depths:5 | Noticed a golden dragon
 48776 | Depths:5 | Found a gate to the Realm of Zot.
 48776 | Depths:5 | Noticed a golden dragon
 48792 | Depths:5 | Killed a golden dragon
 48815 | Depths:5 | Killed a golden dragon
 49216 | Vaults:1 | Entered Level 1 of the Vaults
 49487 | Vaults:1 | Found a portal to a secret trove of treasure.
 49927 | Snake:4  | Bought a scroll of enchant armour for 135 gold pieces
 49927 | Snake:4  | Bought a scroll of enchant armour for 135 gold pieces
 49995 | Snake:4  | Bought a scroll of enchant armour for 277 gold pieces
 50606 | Vaults:1 | You paid a toll of +3 storm dragon scales to enter a treasure trove
 50607 | Trove    | Entered a treasure trove
 50619 | Trove    | Got transparent ice dragon scales
 50640 | Trove    | Got a faintly glowing chain mail
 50681 | Trove    | Got an encrusted leather armour
 50766 | Vaults:1 | Identified the +1 ice dragon scales of the Worm {rF- rC++ rN+} (You found it in a treasure trove)
 50767 | Vaults:1 | Identified the +10 chain mail of Feasting {MR- Str+5 Slay+2 Stlth+} (You found it in a treasure trove)
 50797 | Vaults:1 | Learned a level 6 spell: Deflect Missiles
 50803 | Vaults:1 | Learned a level 5 spell: Aura of Abjuration
 51334 | Vaults:1 | Received a gift from Okawaru
 51589 | Vaults:1 | Found Nimuzoq's Gadget Shop.
 52102 | Vaults:2 | Noticed Oravi's ghost (adept MfTm)
 52144 | Vaults:2 | Killed Oravi's ghost
 52182 | Vaults:2 | Found Riesekurr's General Store.
 52204 | Vaults:2 | Bought a book of Spatial Translocations for 975 gold pieces
 52207 | Vaults:2 | Learned a level 2 spell: Blink
 52585 | Orc:2    | Bought the +6 scale mail of the Eight Boll Weevils {rF+ rN+ Dex+4 Stlth+} for 1014 gold pieces
 52639 | Orc:1    | Bought a book of Necromancy for 360 gold pieces
 52643 | Orc:1    | Learned a level 3 spell: Regeneration
 52877 | Vaults:2 | Reached skill level 1 in Necromancy
 52882 | Vaults:2 | Reached skill level 1 in Charms
 52884 | Vaults:2 | Reached skill level 1 in Spellcasting
 52884 | Vaults:2 | Reached skill level 1 in Translocations
 53317 | Vaults:2 | Received a gift from Okawaru
 53685 | Vaults:3 | Gained mutation: You are robust. (+10% HP) [demonic ancestry]
 53685 | Vaults:3 | Reached XP level 23. HP: 148/209 MP: 24/30
 53838 | Vaults:3 | Found a hazy altar of Hepliaklqana.
 54176 | Vaults:3 | Reached skill level 5 in Necromancy
 54673 | Vaults:3 | Found Guemior's Magic Scroll Boutique.
 54681 | Vaults:3 | Bought a scroll of acquirement for 676 gold pieces
 54754 | Vaults:3 | Reached skill level 5 in Spellcasting
 54754 | Vaults:3 | Reached skill level 5 in Charms
 54802 | Vaults:3 | Reached skill level 5 in Translocations
 55002 | Vaults:3 | Received a gift from Okawaru
 55112 | Vaults:3 | Found a staircase to the Crypt.
 55664 | Vaults:4 | Received a gift from Okawaru
 55864 | Vaults:4 | Reached skill level 1 in Summonings
 56038 | Vaults:4 | Noticed Frederick
 56057 | Vaults:4 | Killed Frederick
 56087 | Vaults:4 | Noticed tensugalgo's ghost (adept DrSk)
 56132 | Vaults:4 | Killed tensugalgo's ghost
 56528 | Vaults:5 | Entered Level 5 of the Vaults
 56545 | Vaults:5 | Received a gift from Okawaru
 56545 | Vaults:5 | Gained mutation: You are very robust. (+20% HP) [demonic ancestry]
 56545 | Vaults:5 | Reached XP level 24. HP: 103/235 MP: 16/34
 56705 | Vaults:5 | Reached skill level 5 in Summonings
 56733 | Vaults:5 | Found Soph's Assorted Antiques.
 56751 | Vaults:5 | Noticed an ancient lich
 57022 | Vaults:5 | Killed an ancient lich
 57265 | Vaults:5 | Received a gift from Okawaru
 57419 | Vaults:5 | Received a gift from Okawaru
 57422 | Vaults:5 | Got a pair of brightly glowing gloves {god gift}
 57497 | Vaults:5 | Identified the +2 pair of gloves of Resonance {Int+7 Stlth+} (Okawaru gifted it to you on level 5 of the Vaults)
 57532 | Vaults:5 | Got a silver rune of Zot
 58055 | Vaults:5 | Reached skill level 10 in Spellcasting
 58055 | Vaults:5 | Reached skill level 10 in Charms
 58067 | Vaults:5 | Lost mutation: Your skin changes colour to match your surroundings (Stealth+). [potion of mutation]
 58067 | Vaults:5 | Lost mutation: Your mind is acute. (Int +2) [potion of mutation]
 58067 | Vaults:5 | Lost mutation: Your spells are a little harder to cast, but a little more powerful. [potion of mutation]
 58067 | Vaults:5 | Gained mutation: You occasionally shout uncontrollably at your foes. [potion of mutation]
 58067 | Vaults:5 | Gained mutation: You tend to lose your temper in combat. [potion of mutation]
 58067 | Vaults:5 | Gained mutation: You are agile. (Dex +2) [potion of mutation]
 58067 | Vaults:5 | Gained mutation: Your flesh is heat resistant. (rF+) [potion of mutation]
 58068 | Vaults:5 | Lost mutation: You tend to lose your temper in combat. [potion of mutation]
 58068 | Vaults:5 | Lost mutation: You are agile. (Dex +2) [potion of mutation]
 58068 | Vaults:5 | Lost mutation: Your flesh is heat resistant. (rF+) [potion of mutation]
 58068 | Vaults:5 | Gained mutation: Your muscles are strong. (Str +2) [potion of mutation]
 58068 | Vaults:5 | Gained mutation: You possess an exceptional clarity of mind. [potion of mutation]
 58373 | Vaults:5 | Received a gift from Okawaru
 58681 | Vaults:5 | Gained mutation: You sometimes gain power by taking damage. [demonic ancestry]
 58681 | Vaults:5 | Reached XP level 25. HP: 192/243 MP: 31/37
 58910 | Vaults:5 | Reached skill level 10 in Summonings
 58941 | Vaults:5 | Found the +6 lightning scales {run, rElec}
 58952 | Vaults:5 | Got a faintly humming plate armour
 58953 | Vaults:5 | Identified the cursed +1 plate armour of the Hippo {Dex+4} (You found it on level 5 of the Vaults)
 59417 | D:5      | Fell from the grace of Okawaru
 59417 | D:5      | Became a worshipper of Makhleb the Destroyer
 62876 | Crypt:1  | Entered Level 1 of the Crypt
 63092 | Crypt:1  | Lost mutation: You possess an exceptional clarity of mind. [potion of mutation]
 63092 | Crypt:1  | Lost mutation: Your muscles are strong. (Str +2) [potion of mutation]
 63092 | Crypt:1  | Lost mutation: You occasionally shout uncontrollably at your foes. [potion of mutation]
 63092 | Crypt:1  | Gained mutation: You possess an exceptional clarity of mind. [potion of mutation]
 63092 | Crypt:1  | Gained mutation: Your flesh is heat resistant. (rF+) [potion of mutation]
 63092 | Crypt:1  | Gained mutation: You are clumsy. (Dex -2) [potion of mutation]
 63092 | Crypt:1  | Gained mutation: Your muscles are strong. (Str +2) [potion of mutation]
 63829 | Crypt:2  | Reached * piety under Makhleb
 64102 | Crypt:2  | Paralysed by something for 6 turns
 64288 | Crypt:2  | Reached ** piety under Makhleb
 64355 | Crypt:2  | Paralysed by something for 2 turns
 65072 | Crypt:3  | Entered Level 3 of the Crypt
 65112 | Crypt:3  | Reached *** piety under Makhleb
 65282 | Crypt:3  | Noticed Bai Suzhen
 65349 | Crypt:3  | Killed Bai Suzhen
 65651 | Crypt:3  | Reached **** piety under Makhleb
 66000 | Crypt:3  | Found a staircase to the Tomb.
 66105 | Crypt:3  | Reached skill level 15 in Maces & Flails
 66149 | Crypt:3  | Found a basalt altar of Yredelemnul.
 66276 | Crypt:3  | Noticed a greater mummy
 66336 | Crypt:3  | Killed a greater mummy
 66336 | Crypt:3  | Reached ***** piety under Makhleb
 66381 | Crypt:3  | Got a translucent iron amulet
 66383 | Crypt:3  | Identified the amulet of Wiygemoz {Reflect Int+3 SH+6} (You took it off a guardian mummy on level 3 of the Crypt)
 66400 | Crypt:3  | Got a sparkling ivory ring
 66416 | Crypt:3  | Identified the ring "Loovy" {Ice Str+4 Stlth+} (You took it off a guardian mummy on level 3 of the Crypt)
 66719 | Crypt:3  | Identified the Volume of Unholy Rituals
 66933 | Crypt:3  | Learned a level 8 spell: Controlled Blink
 66940 | Crypt:3  | Learned a level 6 spell: Statue Form
 67255 | Elf:1    | Found Ciceisai's Distillery.
 67267 | Elf:1    | Bought a potion of heal wounds for 85 gold pieces
 67267 | Elf:1    | Bought a potion of heal wounds for 85 gold pieces
 67267 | Elf:1    | Bought a potion of invisibility for 136 gold pieces
 67267 | Elf:1    | Bought a potion of might for 68 gold pieces
 67267 | Elf:1    | Bought a potion of haste for 170 gold pieces
 67267 | Elf:1    | Bought a potion of haste for 170 gold pieces
 67267 | Elf:1    | Bought 2 potions of curing for 102 gold pieces
 67267 | Elf:1    | Bought a potion of agility for 68 gold pieces
 67267 | Elf:1    | Bought a potion of flight for 51 gold pieces
 67267 | Elf:1    | Bought a potion of agility for 68 gold pieces
 67336 | Elf:1    | Reached skill level 1 in Transmutations
 67336 | Elf:1    | Reached skill level 1 in Earth Magic
 67493 | Elf:1    | Reached skill level 1 in Air Magic
 68149 | Elf:2    | Reached ****** piety under Makhleb
 68309 | Elf:2    | Gained mutation: You are powered by pain. [demonic ancestry]
 68309 | Elf:2    | Reached XP level 26. HP: 249/250 MP: 38/39
 68500 | Elf:2    | Found a runed gate.
 68500 | Elf:2    | Found a runed gate.
 68501 | Elf:2    | Found a runed gate.
 68689 | Elf:2    | Was forgiven by Okawaru
 68760 | Elf:2    | Found Sass's Book Shoppe.
 69063 | Elf:3    | Entered Level 3 of the Elven Halls
 69139 | Elf:3    | Noticed Dracia's ghost (adept GrFi)
 69161 | Elf:3    | Killed Dracia's ghost
 69307 | Elf:3    | Reached skill level 5 in Earth Magic
 69313 | Elf:3    | Reached skill level 5 in Transmutations
 69454 | Elf:3    | Noticed Saint Roka
 69515 | Elf:3    | Killed Saint Roka
 69608 | Elf:3    | Identified Sif Muna's Tome of Boosting Enchantment
 69614 | Elf:3    | Learned a level 2 spell: Song of Slaying
 70427 | Elf:3    | Noticed Asterion
 70449 | Elf:3    | Killed Asterion
 71201 | Slime:1  | Entered Level 1 of the Pits of Slime
 71423 | Slime:3  | Gained mutation: You are dopey. (Int -2) [a shining eye]
 71426 | Slime:3  | Gained mutation: You are very clumsy. (Dex -4) [a shining eye]
 71533 | Slime:5  | Entered Level 5 of the Pits of Slime
 71665 | Slime:5  | Reached skill level 5 in Air Magic
 71712 | Slime:5  | Found a viscous altar of Jiyva.
 71716 | Slime:5  | Found the +15 Maxwell's patent armour {-Cast -Tele rElec MR+ rCorr}
 71729 | Slime:5  | Found the +10 zealot's sword {holy, *Rage rN+ EV+3}
 71739 | Slime:5  | Noticed the Royal Jelly
 71815 | Slime:5  | Killed the Royal Jelly
 72272 | Slime:5  | Got a slimy rune of Zot
 72300 | Slime:5  | Got a fine large shield
 72303 | Slime:5  | Got an ichor-stained plate armour
 72304 | Slime:5  | Identified the cursed +0 large shield of Lifelessness {rElec Int+5 Stlth+} (You found it on level 5 of the Pits of Slime)
 72306 | Slime:5  | Identified the cursed +1 plate armour "Obotisky" {Dex+2} (You found it on level 5 of the Pits of Slime)
 72388 | Slime:5  | Got an ancient plate armour
 72415 | Slime:5  | Identified the +6 plate armour "Qecasom" {*Slow rElec Str+7} (You found it on level 5 of the Pits of Slime)
 72849 | Depths:2 | Voluntarily entered the Abyss.
 72954 | Abyss:1  | Found a corrupted altar of Lugonu.
 73983 | Abyss:3  | Gained mutation: You are extremely robust. (+30% HP) [demonic ancestry]
 73983 | Abyss:3  | Reached XP level 27. HP: 255/284 MP: 39/39
 74153 | Abyss:3  | Paralysed by you for 6 turns
 74328 | Abyss:3  | Reached skill level 15 in Invocations
 74692 | Abyss:4  | Found a corrupted altar of Lugonu.
 74776 | Abyss:4  | Got an abyssal rune of Zot
 74903 | Depths:2 | Escaped the Abyss
 75275 | Elf:3    | Lost mutation: You possess an exceptional clarity of mind. [potion of mutation]
 75275 | Elf:3    | Lost mutation: You are dopey. (Int -2) [potion of mutation]
 75275 | Elf:3    | Lost mutation: Your flesh is heat resistant. (rF+) [potion of mutation]
 75275 | Elf:3    | Gained mutation: You passively map a small area around you. [potion of mutation]
 75275 | Elf:3    | Lost mutation: You are very clumsy. (Dex -4) [potion of mutation]
 75596 | Hell     | Entered the Vestibule of Hell
 75596 | Hell     | Noticed Murray
 75596 | Hell     | Noticed Geryon
 75666 | Depths:1 | Killed Murray
 76188 | Depths:1 | Reached skill level 10 in Earth Magic
 76448 | Hell     | Killed Geryon
 76540 | Hell     | Found a gateway to the decaying netherworld of Tartarus.
 76630 | Hell     | Found a gateway to the freezing wastes of Cocytus.
 76744 | Hell     | Found a gateway to the ashen valley of Gehenna.
 76908 | Hell     | Found a gateway to the Iron City of Dis.
 77006 | Coc:1    | Entered Level 1 of Cocytus
 77087 | Coc:1    | Reached skill level 10 in Transmutations
 77973 | Coc:7    | Entered Level 7 of Cocytus
 78522 | Coc:7    | Reached skill level 10 in Translocations
 79273 | Coc:7    | Noticed Antaeus
 79314 | Coc:7    | HP: 16/369 [Antaeus/the +5 demon whip "Spellbinder" {antimagic, MR+} (41)]
 79314 | Coc:7    | HP: 6/369 [Antaeus/the +5 demon whip "Spellbinder" {antimagic, MR+} (10)]
 79314 | Coc:7    | Mangled by Antaeus

Skill      XL: |  1  2  3  4  5  6  7  8  9 10 11 12 13 14 15 16 17 18 19 20 21 22 23 24 25 26 27 |
---------------+----------------------------------------------------------------------------------+-----
Maces & Flails | 3 4 5 6 7 8 10 11 12 13 14 15 | 15.6
Shields        | 1 2 4 11 15 18 | 18.1
Dodging        | 3 5 6 7 9 10 12 13 14 15 | 15.0
Fighting       | 4 7 9 11 12 14 15 17 18 | 18.4
Armour         | 2 4 5 6 11 12 13 14 15 16 | 16.7
Evocations     | 1 3 6 8 |  8.0
Invocations    | 7 10 13 16 | 16.7
Unarmed Combat | 5 6 |  6.1
Necromancy     | 3 7 |  7.3
Charms         | 3 7 10 12 | 12.5
Spellcasting   | 3 7 10 12 | 12.6
Translocations | 3 6 8 13 | 13.5
Summonings     | 4 9 11 | 11.3
Transmutations | 3 8 12 | 12.0
Earth Magic    | 3 9 14 | 14.0
Air Magic      | 2 5 |  5.4
Throwing       | |  1.7

Action                   |  1- 3 |  4- 6 |  7- 9 | 10-12 | 13-15 | 16-18 | 19-21 | 22-24 | 25-27 || total
-------------------------+-------+-------+-------+-------+-------+-------+-------+-------+-------++-------
Melee: Flail             |    70 |   200 |   261 |  1023 |  2176 |   513 |       |       |       ||  4243
       Kick              |       |       |       |       |   696 |  1001 |  1394 |  1566 |  2746 ||  7403
       Demon whip        |       |       |       |       |       |  1636 |  2323 |  2407 |  5039 || 11405
Throw: Throwing net      |     3 |     4 |     1 |       |       |       |       |       |       ||     8
       Javelin           |       |       |       |       |       |     9 |       |       |       ||     9
 Cast: Regeneration      |       |       |       |       |       |       |       |    58 |   139 ||   197
       Aura of Abjuratio |       |       |       |       |       |       |       |       |    15 ||    15
       Blink             |       |       |       |       |       |       |       |       |     2 ||     2
       Song of Slaying   |       |       |       |       |       |       |       |       |    19 ||    19
       Statue Form       |       |       |       |       |       |       |       |       |     1 ||     1
Invok: Finesse           |       |       |       |     1 |     4 |     2 |     6 |     2 |       ||    15
       Heroism           |       |       |       |     1 |     2 |       |     1 |     1 |       ||     5
       Lesser Servant of |       |       |       |       |       |       |       |       |     1 ||     1
       Greater Servant o |       |       |       |       |       |       |       |       |     2 ||     2
 Abil: Evoke Berserk Rag |       |     1 |     3 |     8 |       |       |       |       |       ||    12
Evoke: Wand              |       |       |     2 |     5 |    16 |    14 |     2 |     2 |    13 ||    54
       Lamp of fire      |       |       |       |       |     1 |     2 |       |       |     6 ||     9
       Lightning rod     |       |       |       |       |       |       |       |       |     8 ||     8
       Fan of gales      |       |       |       |       |       |       |       |       |     1 ||     1
  Use: Scroll            |       |     7 |       |    14 |    14 |    14 |    33 |    18 |    24 ||   124
       Potion            |       |       |     2 |     7 |       |    14 |     1 |     2 |    16 ||    42
 Stab: Sleeping          |     1 |       |       |     1 |       |       |     1 |     1 |     6 ||    10
       Held in net/web   |       |     1 |     2 |       |       |       |       |       |       ||     3
       Confused          |       |       |       |       |     5 |       |       |       |       ||     5
       Invisible         |       |       |       |       |       |     2 |       |       |       ||     2
       Distracted        |       |       |       |       |       |     1 |     1 |     6 |     3 ||    11
       Paralysed         |       |       |       |       |       |       |     4 |       |       ||     4
  Eat: Chunk             |     1 |     6 |    10 |    17 |    26 |    21 |    25 |    46 |     9 ||   161
       Ration            |       |     1 |     1 |     5 |     3 |     7 |     5 |       |    22 ||    44
Armor: Leather armour    |    18 |       |       |       |       |       |   113 |       |       ||   131
       Ring mail         |     6 |    41 |       |       |       |       |       |       |       ||    47
       Scale mail        |       |    61 |    97 |   313 |       |       |       |   247 |   992 ||  1710
       Chain mail        |       |       |       |       |   999 |   715 |   141 |       |   141 ||  1996
       Skin              |       |       |       |       |       |     9 |       |       |       ||     9
       Gold dragon scale |       |       |       |       |       |       |   354 |   109 |       ||   463
       Crystal plate arm |       |       |       |       |       |       |    48 |       |       ||    48
       Plate armour      |       |       |       |       |       |       |     3 |       |       ||     3
Dodge: Dodged            |    47 |   124 |   110 |   434 |  1043 |   923 |   945 |   856 |  2173 ||  6655
Block: Buckler           |       |     2 |   101 |   321 |   839 |   538 |   213 |       |       ||  2014
       Shield            |       |       |       |       |       |       |   924 |  1263 |  4232 ||  6419
       Reflection        |       |       |       |       |       |       |       |    85 |   146 ||   231
